Cogmind - Beta 14 @@@ ROGUE MODE // 2024.12.12 @ 23:17:43 Player: harambe Result: Destroyed by G-67 Veteran with Plasma Rifle Performance ------------- Evolutions (6) 3000 Regions Visited (19) 3800 Robots Destroyed (83) 415 Value Destroyed (3968) 3968 Prototype IDs (29) 580 Alien Tech Used (0) 0 Bonus (1723) 1723 TOTAL SCORE: 13486 Bonus ------- High Alert Combat Kills 116 Follower Combat Kills 107 Entered Garrisons 200 Used RIF Installer 500 Entered DSFs 500 Aligned with FarCom 300 Cogmind --------- Core Integrity 0/1150 Matter 144/300 Energy 100/100 System Corruption 0% Temperature Cool (12) Movement Core (50) Location -4/Factory Parts ------- > --- POWER (2) -------- (None) > --- PROPULSION (8) --- Gyrokinetic Inverter > --- UTILITY (6) ------ (None) > --- WEAPON (3) ------- (None) > --- INVENTORY (5) ---- Huge Storage Unit Advanced Signal Interpreter Improved Kinecellerator Transmission Jammer Remote Datajack Peak State ------------ > --- POWER ------------ Light Nuclear Core Micro Nuclear Core > --- PROPULSION ------- Titanium Leg Titanium Leg Improved Titanium Leg Improved Titanium Leg Flexi-carbon Leg Nuclear Pulse Thruster > --- UTILITY ---------- Cryofiber Web Huge Storage Unit Advanced Visual Processing Unit Energy Filter Improved Thermal Shield > --- WEAPON ----------- Plasma Rifle Advanced Assault Cannon Missile Launcher > --- INVENTORY -------- Huge Storage Unit Medium Matter Pod Advanced Signal Interpreter Medium Armor Plating Relay Coupler [Swarmer] Component Analysis Suite Missile Launcher Missile Launcher Missile Launcher Missile Launcher Missile Launcher Heavy Flail Powered Hammer [Rating: 63] Favorites ----------- Power Ion Engine Engine Ion Engine Power Core Light Nuclear Core Propulsion Wheel Treads Light Treads Leg Improved Titanium Leg Wheel Wheel Hover Unit Gyrokinetic Inverter Flight Unit Nuclear Pulse Thruster Utility Large Storage Unit Device Improved Terrain Scanner Storage Large Storage Unit Processor Advanced Visual Processing Unit Hackware Authchip [Processor] Protection Hardened Light Armor Plating Weapon Heavy Assault Rifle Energy Gun AWS/Thermal Energy Cannon Ion Cannon Ballistic Gun Heavy Assault Rifle Ballistic Cannon Advanced Assault Cannon Launcher Missile Launcher Special Weapon Remote Datajack Impact Weapon Powered Hammer Slashing Weapon Ripper Special Melee Weapon Datajack Build | -11 -10 -9 -9 -9 -8 -8 -8 -8 -7 -7 -7 -7 -6 -6 -6 -5 -5 -5 -4 ------- Run | Yrd Mat Mat Min Exi Min Mat Gar Sto Fac Was Fac DSF Fac Low Low Fac Upp Upp Fac Slots Evolved 12 | . . 2 . . . 2 . . 2 . . . 2 . . 2 . . 2 Power 1 | . . . . . . . . . . . . . . . . 1 . . . Propulsion 6 | . . 1 . . . . . . 1 . . . 2 . . 1 . . 1 Utility 4 | . . . . . . 2 . . 1 . . . . . . . . . 1 Weapon 1 | . . 1 . . . . . . . . . . . . . . . . . Parts Attached 127 | 2 14 17 4 . 5 14 8 5 3 3 . 14 . 5 2 5 14 . 12 Power 18 | . 4 3 2 . . . 1 . . . . 2 . 1 . 1 4 . . Engine 13 | . 4 3 2 . . . 1 . . . . 1 . . . . 2 . . Core 5 | . . . . . . . . . . . . 1 . 1 . 1 2 . . Reactor . | . . . . . . . . . . . . . . . . . . . . Propulsion 48 | . 6 6 . . 1 4 3 2 1 . . 10 . 3 . 1 3 . 8 Treads 14 | . 2 3 . . 1 1 3 1 1 . . . . . . . 2 . . Leg 12 | . 2 . . . . . . . . . . 6 . 2 . 1 1 . . Wheel 13 | . 2 3 . . . 3 . 1 . . . 4 . . . . . . . Hover 8 | . . . . . . . . . . . . . . . . . . . 8 Flight 1 | . . . . . . . . . . . . . . 1 . . . . . Utility 21 | 1 1 1 . . 1 6 3 . 1 . . 2 . . . 2 2 . 1 Device 8 | 1 . . . . . 1 . . 1 . . 1 . . . 2 1 . 1 Storage 5 | . 1 1 . . . 1 1 . . . . 1 . . . . . . . Processor 1 | . . . . . . 1 . . . . . . . . . . . . . Hackware 1 | . . . . . . . . . . . . . . . . . 1 . . Protection 6 | . . . . . 1 3 2 . . . . . . . . . . . . Artifact . | . . . . . . . . . . . . . . . . . . . . Weapon 40 | 1 3 7 2 . 3 4 1 3 1 3 . . . 1 2 1 5 . 3 Energy Gun 6 | . 1 2 . . 1 . . . 1 . . . . . 1 . . . . Energy Cannon 1 | . . . . . . . . 1 . . . . . . . . . . . Ballistic Gun 9 | 1 2 4 1 . 1 . . . . . . . . . . . . . . Ballistic Cannon 5 | . . . . . . 3 . 1 . . . . . . 1 . . . . Launcher 11 | . . . 1 . 1 1 . 1 . 3 . . . 1 . . 3 . . Special Weapon 1 | . . . . . . . . . . . . . . . . . . . 1 Impact Weapon 4 | . . . . . . . 1 . . . . . . . . 1 2 . . Slashing Weapon 2 | . . . . . . . . . . . . . . . . . . . 2 Piercing Weapon . | . . . . . . . . . . . . . . . . . . . . Special Melee Weapon 1 | . . 1 . . . . . . . . . . . . . . . . . Unidentified Prototypes . | . . . . . . . . . . . . . . . . . . . . Parts Lost 41 | . . 1 . . 2 . . . . 5 . 8 . . . 4 14 . 7 Power 5 | . . . . . . . . . . 1 . 2 . . . 1 1 . . Propulsion 20 | . . . . . 1 . . . . 2 . 6 . . . 3 5 . 3 Utility 6 | . . . . . . . . . . 1 . . . . . . 2 . 3 Weapon 10 | . . 1 . . 1 . . . . 1 . . . . . . 6 . 1 Highest Loss Streak 6 | . . 1 . . 2 . . . . 5 . 6 . . . 4 5 . 6 To Critical Strikes . | . . . . . . . . . . . . . . . . . . . . Average Slot Usage (%) 80 | . 100 99 100 100 88 90 90 92 100 79 15 52 40 62 86 85 41 17 23 Engine 7 | . 14 10 11 11 11 9 9 9 7 5 . . . . . . 3 . . Treads 8 | . 11 11 11 11 20 12 9 9 15 12 . . . . . . 6 . . Leg 5 | . 5 . . . . . . . . . . 10 20 25 33 27 4 . . Wheel 10 | . 11 22 22 22 11 14 18 18 15 11 . 15 . . . . . . . Device 7 | . 14 11 11 11 . 9 . . 7 7 7 7 6 6 6 15 7 5 3 Storage 8 | . 14 11 11 11 11 9 9 9 7 5 . 4 6 6 6 5 . . . Processor 3 | . . . . . . 9 9 9 7 7 7 7 6 6 6 5 5 5 4 Protection 3 | . . . . . 10 9 18 18 15 10 . . . . . . . . . Energy Gun 5 | . 2 13 11 11 12 9 9 6 5 . . . . . 6 5 . . . Ballistic Gun 8 | . 25 19 21 22 9 . . . . . . . . . . . . . . Ballistic Cannon 1 | . . . . . . 8 . 4 7 . . . . . 6 5 . . . Launcher 1 | . . . . . . . . 2 1 9 . . . 5 6 4 2 . . Impact Weapon 1 | . . . . . . . 8 4 . . . . . . . . 4 . . Peak Build Rating 63 | 9 12 17 18 19 30 37 38 38 32 32 7 30 21 41 49 63 42 11 47 Average Rating 26 | 7 10 15 17 18 28 35 37 34 31 23 7 18 21 34 48 56 27 11 20 On Entrance 22 | 6 9 12 17 18 19 30 37 38 27 32 7 7 21 21 41 49 42 11 11 Naked Turns . | . . . . . . . . . . . . . . . . . . . . Heaviest Build 113 | 14 30 35 40 40 49 51 53 56 59 59 1 90 81 92 102 113 99 1 4 Greatest Support 94 | 20 26 23 23 20 43 28 28 32 32 32 3 77 57 94 74 94 37 3 11 Greatest Overweight (x) 5 | . 2 1 1 1 4 5 1 1 1 2 . 5 2 2 1 1 4 . 1 Average Overweight (x) 1 | . 1 1 1 1 3 2 1 1 1 . . 1 1 1 1 1 . . . Largest Inventory Capacity 25 | 8 15 15 15 15 15 15 15 15 15 15 5 25 25 25 25 25 25 5 5 Average Capacity 14 | 8 13 15 15 15 15 15 15 15 15 12 5 17 25 25 25 25 7 5 5 Most Carried 16 | 7 15 15 15 15 15 15 15 15 14 15 5 16 12 14 13 13 13 3 5 Average Carried 12 | 6 13 14 15 14 14 14 14 14 13 11 5 9 12 12 12 12 5 3 3 Final Capacity 25 | 8 15 15 15 15 15 15 15 15 15 5 5 25 25 25 25 25 5 5 5 Final Carried 15 | 7 15 15 15 15 15 15 15 15 13 5 5 12 12 14 12 13 3 3 5 Class Distribution -------------------- 53% | Mutant 16% | Skirmisher 13% | Scavenger-Skirmisher 6% | Scavenger-Mutant 4% | Derelict-Skirmisher 3% | Tank Dominant Class ---------------- Mutant | -10/Materials Skirmisher | -9/Materials Scavenger-Skirmisher | -9/Mines Scavenger-Skirmisher | -9/Exiles Skirmisher | -8/Mines Skirmisher | -8/Materials Mutant | -8/Garrison Tank | -8/Storage Scavenger-Tank | -7/Factory Tank | -7/Waste Mutant | -7/Factory Mutant | -7/DSF Mutant | -6/Factory Mutant | -6/Lower Caves Derelict-Skirmisher | -6/Lower Caves Derelict-Skirmisher | -5/Factory Mutant | -5/Upper Caves Mutant | -5/Upper Caves Mutant | -4/Factory Resources | -11 -10 -9 -9 -9 -8 -8 -8 -8 -7 -7 -7 -7 -6 -6 -6 -5 -5 -5 -4 ----------- Run | Yrd Mat Mat Min Exi Min Mat Gar Sto Fac Was Fac DSF Fac Low Low Fac Upp Upp Fac Matter Collected 2309 | 229 297 296 87 . 197 182 93 162 . 154 . . . 152 28 . 432 . . Remotely . | . . . . . . . . . . . . . . . . . . . . Salvage Created 3119 | 12 542 572 107 . 410 316 248 382 . 289 . . . 37 18 10 176 . . Parts 155 | 3 34 27 8 . 16 20 21 18 . 1 . . . 2 1 . 4 . . Haulers Intercepted . | . . . . . . . . . . . . . . . . . . . . Recyclers Shooed . | . . . . . . . . . . . . . . . . . . . . Parts Field Recycled . | . . . . . . . . . . . . . . . . . . . . Retrieved Matter . | . . . . . . . . . . . . . . . . . . . . Parts Self-Destructed 7 | . . . . . . . . . . . . . . 2 1 . 4 . . Prevented 3 | . . . . . . . . . . . . . . . . . 3 . . Kills | -11 -10 -9 -9 -9 -8 -8 -8 -8 -7 -7 -7 -7 -6 -6 -6 -5 -5 -5 -4 ------- Run | Yrd Mat Mat Min Exi Min Mat Gar Sto Fac Was Fac DSF Fac Low Low Fac Upp Upp Fac Combat Hostiles Destroyed 73 | . 15 13 3 . 9 9 6 7 . 1 . . . 3 1 1 5 . . Guns 51 | . 15 13 2 . 7 4 6 3 . . . . . . 1 . . . . Cannons 5 | . . . . . . 1 . 3 . . . . . . . 1 . . . AOE 17 | . . . 1 . 2 4 . 1 . 1 . . . 3 . . 5 . . Classes Destroyed 15 | 1 3 3 2 . . 1 . 2 . 1 . . . . 1 . 1 . . Worker 1 | . . . 1 . . . . . . . . . . . . . . . . Builder 2 | . . 1 . . . . . 1 . . . . . . . . . . . Tunneler 2 | 1 . . 1 . . . . . . . . . . . . . . . . Recycler 1 | . . . . . . . . 1 . . . . . . . . . . . Operator 3 | . 1 . . . . 1 . 1 . . . . . . . . . . . Watcher 1 | . . . . . . 1 . . . . . . . . . . . . . Swarmer 12 | . 3 . . . . 4 2 . . . . . . 3 . . . . . Grunt 47 | . 12 10 2 . 9 4 2 4 . . . . . . . . 4 . . Brawler 1 | . . . 1 . . . . . . . . . . . . . . . . Duelist 1 | . . 1 . . . . . . . . . . . . . . . . . Sentry 7 | . . 2 . . . 1 2 2 . . . . . . . . . . . Hunter 1 | . . . . . . . . 1 . . . . . . . . . . . Programmer 2 | . . . . . . . . . . . . . . . 1 1 . . . Compactor 1 | . . . . . . . . . . 1 . . . . . . . . . Mutant 1 | . . . . . . . . . . . . . . . . . 1 . . Best Kill Streak 7 | 1 5 4 5 . 3 4 2 7 . 1 . . . 3 1 1 3 . . Combat Bots Only 5 | . 5 4 3 . 3 4 2 2 . 1 . . . 3 1 1 3 . . Max Kills in Single Turn 2 | 1 1 1 2 . 2 2 1 2 . 1 . . . 2 1 1 2 . . Gunslinging . | . . . . . . . . . . . . . . . . . . . . Exploded 2 | . . . 1 . 2 2 . 1 . 1 . . . 2 . . 2 . . Melee . | . . . . . . . . . . . . . . . . . . . . Uniques/NPCs Destroyed . | . . . . . . . . . . . . . . . . . . . . Combat | -11 -10 -9 -9 -9 -8 -8 -8 -8 -7 -7 -7 -7 -6 -6 -6 -5 -5 -5 -4 -------- Run | Yrd Mat Mat Min Exi Min Mat Gar Sto Fac Was Fac DSF Fac Low Low Fac Upp Upp Fac Hostile Shots Fired 666 | . 64 49 1 . 37 8 . 20 . 4 . 107 . 9 6 53 147 4 157 Missed 240 | . 19 12 1 . 9 1 . 4 . . . 33 . 2 3 19 57 1 79 Damage Taken 7785 | . 474 572 . . 509 92 239 195 . 217 . 1300 . 107 46 688 1753 60 1533 Core 2734 | . 136 132 . . 81 19 . . . 88 . 429 . 62 16 59 500 51 1161 Absorbed by Shields . | . . . . . . . . . . . . . . . . . . . . Ignored by Resistances 59 | . . . . . . . . 37 . 22 . . . . . . . . . Regen/Repaired (Parts) 95 | . . 95 . . . . . . . . . . . . . . . . . Core Remaining (%) 63 | 100 45 . . . 46 . . 96 . . . 26 . . 90 . . 39 . Volleys Fired 180 | 3 52 43 4 . 19 9 . 15 . 8 . . . 2 3 7 14 . 1 Largest 3 | 2 2 3 3 . 3 1 . 3 . 3 . . . 1 3 3 1 . 1 Hottest 159 | 40 85 141 102 . 102 48 . 138 . 123 . . . 36 159 159 36 . 5 Shots Fired 431 | 5 104 118 8 . 62 24 12 34 . 23 . . . 2 7 17 14 . 1 Gun 341 | 5 104 118 6 . 59 15 12 12 . . . . . . 3 7 . . . Cannon 44 | . . . . . . 7 . 19 . 8 . . . . 3 7 . . . Launcher 45 | . . . 2 . 3 2 . 3 . 15 . . . 2 1 3 14 . . Special 1 | . . . . . . . . . . . . . . . . . . . 1 Kinetic 244 | 5 99 81 4 . 25 7 . 13 . . . . . . 3 7 . . . Thermal 141 | . 5 37 2 . 34 15 12 18 . 8 . . . . 3 7 . . . Explosive 45 | . . . 2 . 3 2 . 3 . 15 . . . 2 1 3 14 . . Electromagnetic . | . . . . . . . . . . . . . . . . . . . . Robot Hit Streak 29 | 3 15 29 16 . 20 19 14 24 . 4 . . . . 4 2 5 . 1 Robot Miss Streak 5 | 1 3 5 . . 2 2 . 3 . 2 . . . 1 . 2 2 . . Penetration Max . | . . . . . . . . . . . . . . . . . . . . Secondary Targets 3 | . . . 1 . 2 . . . . . . . . . . . . . . Max Gunslinging Chain 1 | . . . 1 . 1 . . . . . . . . . . . . . . Autonomous 66 | . . . . . 26 15 12 13 . . . . . . . . . . . Shots Hit Robots 310 | 3 71 92 4 . 44 19 13 26 . 12 . . . . 4 11 10 . 1 Core Hits 162 | 3 31 25 6 . 24 16 6 14 . 13 . . . 3 2 2 17 . . Critical Kills 1 | . . 1 . . . . . . . . . . . . . . . . . Critical Parts Destroyed . | . . . . . . . . . . . . . . . . . . . . Critical Strikes 9 | . 1 5 . . 1 1 . . . . . . . . . 1 . . . Burn 6 | . 1 4 . . 1 . . . . . . . . . . . . . . Destroy 1 | . . 1 . . . . . . . . . . . . . . . . . Blast 2 | . . . . . . 1 . . . . . . . . . 1 . . . Melee Attacks 20 | . . 1 . . . . 8 . . . . . . . . 6 4 . 1 Impact 18 | . . . . . . . 8 . . . . . . . . 6 4 . . Slashing 1 | . . . . . . . . . . . . . . . . . . . 1 Piercing . | . . . . . . . . . . . . . . . . . . . . Sneak Attacks . | . . . . . . . . . . . . . . . . . . . . Combat Hostiles . | . . . . . . . . . . . . . . . . . . . . Follow-up Attacks . | . . . . . . . . . . . . . . . . . . . . Damage Inflicted 8961 | 28 696 1068 273 . 1268 682 455 786 . 1590 . 18 . 259 151 425 1243 19 . Guns 3961 | 28 696 1068 66 . 998 367 319 312 . . . . . . 52 55 . . . Cannons 734 | . . . . . . 156 . 308 . 68 . . . . 68 134 . . . Explosions 3884 | . . . 207 . 270 159 . 166 . 1522 . . . 259 31 107 1163 . . Melee 345 | . . . . . . . 136 . . . . . . . . 129 80 . . Ramming 37 | . . . . . . . . . . . . 18 . . . . . 19 . Kinetic 2126 | 28 628 593 35 . 201 156 . 283 . . . . . . 68 134 . . . Thermal 2569 | . 68 475 31 . 797 367 319 337 . 68 . . . . 52 55 . . . Explosive 3884 | . . . 207 . 270 159 . 166 . 1522 . . . 259 31 107 1163 . . Electromagnetic . | . . . . . . . . . . . . . . . . . . . . Impact 345 | . . . . . . . 136 . . . . . . . . 129 80 . . Slashing . | . . . . . . . . . . . . . . . . . . . . Piercing . | . . . . . . . . . . . . . . . . . . . . Highest Corruption 9 | . 2 1 1 1 1 . . . . 9 9 9 . . 1 4 5 5 . Average Corruption 3 | . 2 1 1 1 1 . . . . 9 9 9 . . 1 3 4 5 . Corruption Purged . | . . . . . . . . . . . . . . . . . . . . Corruption Blocked . | . . . . . . . . . . . . . . . . . . . . Effects 56 | . 1 1 8 2 3 . . . . 4 . 2 . . 1 3 31 . . Message Errors 16 | . 1 . 1 . 1 . . . . 1 . . . . . . 12 . . Matter Fused 11 | . . . 4 . 1 . . . . 1 . . . . . . 5 . . Heat Flow Errors 6 | . . . 1 1 . . . . . 1 . . . . . . 3 . . Energy Discharges 7 | . . . 1 1 . . . . . . . . . . . . 5 . . Parts Rejected 5 | . . . . . . . . . . . . 1 . . . 2 2 . . Parts Fused 1 | . . 1 . . . . . . . . . . . . . . . . . Data Loss (minor) 7 | . . . . . . . . . . 1 . 1 . . 1 1 3 . . Data Loss (major) 2 | . . . 1 . . . . . . . . . . . . . 1 . . Misfires 1 | . . . . . 1 . . . . . . . . . . . . . . Overload Shots . | . . . . . . . . . . . . . . . . . . . . Overflow Damage 48 | . . . . . . . 16 . . . . . . . . 24 8 . . Projectiles 6 | . . . . . . . . . . . . . . . . 6 . . . Explosions 12 | . . . . . . . . . . . . . . . . 4 8 . . Melee 30 | . . . . . . . 16 . . . . . . . . 14 . . . Knockbacks 13 | . . . . . . 4 1 3 . . . . . . 2 3 . . . Impact 3 | . . . . . . . 1 . . . . . . . . 2 . . . Kinetic 10 | . . . . . . 4 . 3 . . . . . . 2 1 . . . Secondary . | . . . . . . . . . . . . . . . . . . . . Self-Inflicted Damage 285 | . . . . . 34 . 155 6 . 29 . . . . . . 52 9 . Shots 6 | . . . . . 1 . 1 1 . 2 . . . . . . 1 . . Rammed 3 | . . . . . . . . . . . . . . . . . . 3 . Targets Rammed 6 | . . . . . . . . . . . . 3 . . . . . 3 . Kicked 3 | . . . . . . . . . . . . 3 . . . . . . . Crushed . | . . . . . . . . . . . . . . . . . . . . Highest Temperature 414 | . 68 414 205 205 412 49 . 267 . 183 . . . . 45 264 158 . . Average Temperature 116 | . 16 153 79 129 197 19 . 86 . 80 . . . . 22 125 67 . . Received Heat Transfer 1543 | . 171 216 . . 288 27 . 45 . . . 45 . . . . 508 . 243 Effects 6 | . . 1 . . 5 . . . . . . . . . . . . . . Shutdowns 1 | . . . . . 1 . . . . . . . . . . . . . . Energy Bleed 1 | . . 1 . . . . . . . . . . . . . . . . . Matter Decay 1 | . . . . . 1 . . . . . . . . . . . . . . Damage (major) 3 | . . . . . 3 . . . . . . . . . . . . . . Siege Activations . | . . . . . . . . . . . . . . . . . . . . Robots Corrupted 1 | . . . . . . . 1 . . . . . . . . . . . . Combat Hostiles 1 | . . . . . . . 1 . . . . . . . . . . . . Parts Fried . | . . . . . . . . . . . . . . . . . . . . Impact Corruptions 2 | . . . . . . . 1 . . . . . . . . 1 . . . Robots Melted . | . . . . . . . . . . . . . . . . . . . . Combat Hostiles . | . . . . . . . . . . . . . . . . . . . . Parts Melted 7 | . 1 5 . . 1 . . . . . . . . . . . . . . Heat Transferred 4418 | . 222 1406 74 . 1184 444 370 407 . 111 . . . . 100 100 . . . Parts Sabotaged . | . . . . . . . . . . . . . . . . . . . . Parts Stolen . | . . . . . . . . . . . . . . . . . . . . Parts Stripped . | . . . . . . . . . . . . . . . . . . . . Power Chain Reactions . | . . . . . . . . . . . . . . . . . . . . Alert | -11 -10 -9 -9 -9 -8 -8 -8 -8 -7 -7 -7 -7 -6 -6 -6 -5 -5 -5 -4 ------- Run | Yrd Mat Mat Min Exi Min Mat Gar Sto Fac Was Fac DSF Fac Low Low Fac Upp Upp Fac Peak Influence 677 | 5 233 314 243 . 225 286 677 615 279 160 77 67 3 . . 80 . . 60 Initial 329 | . 3 78 117 . . 9 58 329 279 97 77 57 3 . . 18 . . 14 Average 178 | 2 96 176 154 . 152 111 452 430 279 124 77 54 3 . . 32 . . 11 Maximum Alert Level 2 | . 1 1 1 . 1 1 2 2 1 . . . . . . . . . . Low Security (%) 65 | 100 96 61 68 . 66 63 5 . . 100 100 100 100 . . 100 . . 100 Level 1 20 | . 3 38 31 . 33 36 19 47 100 . . . . . . . . . . Level 2 13 | . . . . . . . 75 52 . . . . . . . . . . . Level 3 . | . . . . . . . . . . . . . . . . . . . . Level 4 . | . . . . . . . . . . . . . . . . . . . . Level 5 . | . . . . . . . . . . . . . . . . . . . . High Security . | . . . . . . . . . . . . . . . . . . . . Max Security . | . . . . . . . . . . . . . . . . . . . . Squads Dispatched 12 | . 4 2 . . . . . 1 . . . 1 . . . 4 . . . Investigation 8 | . 2 2 . . . . . 1 . . . . . . . 3 . . . Extermination 1 | . . . . . . . . . . . . . . . . 1 . . . Reinforcement 3 | . 2 . . . . . . . . . . 1 . . . . . . . Assault . | . . . . . . . . . . . . . . . . . . . . Garrison . | . . . . . . . . . . . . . . . . . . . . Intercept . | . . . . . . . . . . . . . . . . . . . . Searches Triggered . | . . . . . . . . . . . . . . . . . . . . Construction Impeded . | . . . . . . . . . . . . . . . . . . . . Haulers Reinforced . | . . . . . . . . . . . . . . . . . . . . Active Scanning Responses . | . . . . . . . . . . . . . . . . . . . . Cargo Convoy Interrupts . | . . . . . . . . . . . . . . . . . . . . Stealth | -11 -10 -9 -9 -9 -8 -8 -8 -8 -7 -7 -7 -7 -6 -6 -6 -5 -5 -5 -4 --------- Run | Yrd Mat Mat Min Exi Min Mat Gar Sto Fac Was Fac DSF Fac Low Low Fac Upp Upp Fac Distress Signals 1 | . . . . . . 1 . . . . . . . . . . . . . Communications Jammed . | . . . . . . . . . . . . . . . . . . . . Distress Signals . | . . . . . . . . . . . . . . . . . . . . Times Spotted 120 | . 25 16 5 . 9 11 . 6 . 6 . 8 . 3 1 2 15 5 8 Peak Tracking Total 6 | . 3 5 3 . 3 4 . 2 . 5 . 6 . 3 1 2 6 5 6 Tactical Retreats 10 | . 2 2 1 . . . . . . . . 2 . . . . 2 . 1 Traps | -11 -10 -9 -9 -9 -8 -8 -8 -8 -7 -7 -7 -7 -6 -6 -6 -5 -5 -5 -4 ------- Run | Yrd Mat Mat Min Exi Min Mat Gar Sto Fac Was Fac DSF Fac Low Low Fac Upp Upp Fac Traps Triggered 9 | . 2 . . . . . 2 . 1 . . 2 . . . . . . 2 Indirectly . | . . . . . . . . . . . . . . . . . . . . Trap Hack Attempts . | . . . . . . . . . . . . . . . . . . . . Triggered . | . . . . . . . . . . . . . . . . . . . . Disarmed . | . . . . . . . . . . . . . . . . . . . . Reprogrammed . | . . . . . . . . . . . . . . . . . . . . Reused . | . . . . . . . . . . . . . . . . . . . . Traps Extracted . | . . . . . . . . . . . . . . . . . . . . Installed . | . . . . . . . . . . . . . . . . . . . . Triggered 1 | . . . . . . . . . . . . . . . . 1 . . . Machines | -11 -10 -9 -9 -9 -8 -8 -8 -8 -7 -7 -7 -7 -6 -6 -6 -5 -5 -5 -4 ---------- Run | Yrd Mat Mat Min Exi Min Mat Gar Sto Fac Was Fac DSF Fac Low Low Fac Upp Upp Fac Machines Disabled 9 | . . . . . 1 1 6 . . . . . . . . . 1 . . Max in Single Turn 2 | . . . . . 1 1 2 . . . . . . . . . 1 . . Garrison Relay 4 | . . . . . . . 4 . . . . . . . . . . . . Phase Generator 1 | . . . . . . . 1 . . . . . . . . . . . . Machines Repaired . | . . . . . . . . . . . . . . . . . . . . Machines Dismantled . | . . . . . . . . . . . . . . . . . . . . Machines Sabotaged . | . . . . . . . . . . . . . . . . . . . . Overloaded Fab Kills . | . . . . . . . . . . . . . . . . . . . . Hacking | -11 -10 -9 -9 -9 -8 -8 -8 -8 -7 -7 -7 -7 -6 -6 -6 -5 -5 -5 -4 --------- Run | Yrd Mat Mat Min Exi Min Mat Gar Sto Fac Was Fac DSF Fac Low Low Fac Upp Upp Fac Machines Accessed 24 | . 4 6 . 1 . 2 1 2 1 . 1 . . . . 3 1 . 2 Terminals 15 | . 4 3 . . . 1 1 2 . . 1 . . . . 1 . . 2 Fabricators 1 | . . . . . . . . . . . . . . . . 1 . . . Repair Stations 2 | . . 1 . . . . . . 1 . . . . . . . . . . Recycling Units . | . . . . . . . . . . . . . . . . . . . . Scanalyzers 3 | . . 2 . . . . . . . . . . . . . 1 . . . Garrison Access 1 | . . . . . . 1 . . . . . . . . . . . . . Total Hacks 61 | . 13 20 . 1 . 5 2 5 1 . 1 . . . . 9 1 . 3 Successful 32 | . 4 17 . 1 . 3 . 1 . . 1 . . . . 3 1 . 1 Failed 28 | . 8 3 . . . 2 2 4 1 . . . . . . 6 . . 2 Catastrophic 6 | . 2 1 . . . 1 . 2 . . . . . . . . . . . Database Lockouts 1 | . 1 . . . . . . . . . . . . . . . . . . Manual 23 | . 10 5 . 1 . 2 . 3 . . . . . . . 2 . . . Terminals 39 | . 13 8 . . . 4 2 5 . . 1 . . . . 3 . . 3 Fabricators 3 | . . . . . . . . . . . . . . . . 3 . . . Repair Stations 4 | . . 3 . . . . . . 1 . . . . . . . . . . Recycling Units . | . . . . . . . . . . . . . . . . . . . . Scanalyzers 12 | . . 9 . . . . . . . . . . . . . 3 . . . Garrison Access 1 | . . . . . . 1 . . . . . . . . . . . . . Terminal Hacks 18 | . 4 6 . 1 . 2 . 1 . . 1 . . . . 1 1 . 1 Record 1 | . . . . . . . . . . . . . . . . 1 . . . Robot Analysis 6 | . 1 4 . . . 1 . . . . . . . . . . . . . Prototype ID Bank 3 | . 1 1 . . . 1 . . . . . . . . . . . . . Open Door 1 | . . . . . . . . . . . . . . . . . 1 . . Open DSF 2 | . . . . . . . . . . . 1 . . . . . . . 1 Alert Level 1 | . . 1 . . . . . . . . . . . . . . . . . Unreport Threat 1 | . 1 . . . . . . . . . . . . . . . . . . Locate Traps 2 | . 1 . . . . . . 1 . . . . . . . . . . . Derelict Proto ID Bank 1 | . . . . 1 . . . . . . . . . . . . . . . Fabricator Hacks 1 | . . . . . . . . . . . . . . . . 1 . . . Load Schematic 1 | . . . . . . . . . . . . . . . . 1 . . . Repair Station Hacks 2 | . . 2 . . . . . . . . . . . . . . . . . Scan Component 1 | . . 1 . . . . . . . . . . . . . . . . . Repair 1 | . . 1 . . . . . . . . . . . . . . . . . Recycling Unit Hacks . | . . . . . . . . . . . . . . . . . . . . Scanalyzer 10 | . . 9 . . . . . . . . . . . . . 1 . . . Insert Component 6 | . . 5 . . . . . . . . . . . . . 1 . . . Analyze 4 | . . 4 . . . . . . . . . . . . . . . . . Garrison Access Hacks 1 | . . . . . . 1 . . . . . . . . . . . . . Unlock Access 1 | . . . . . . 1 . . . . . . . . . . . . . Unauthorized Hacks . | . . . . . . . . . . . . . . . . . . . . Terminals . | . . . . . . . . . . . . . . . . . . . . Fabricators . | . . . . . . . . . . . . . . . . . . . . Repair Stations . | . . . . . . . . . . . . . . . . . . . . Recycling Units . | . . . . . . . . . . . . . . . . . . . . Scanalyzers . | . . . . . . . . . . . . . . . . . . . . Garrison Access . | . . . . . . . . . . . . . . . . . . . . Data Cores Recovered 2 | . . . . . . 1 . 1 . . . . . . . . . . . Used . | . . . . . . . . . . . . . . . . . . . . Hacking Detections 18 | . 4 5 . . . 1 1 2 1 . 1 . . . . 3 . . . Full Trace Events 8 | . 2 3 . . . . . 1 . . . . . . . 2 . . . Feedback Events 1 | . . 1 . . . . . . . . . . . . . . . . . Corruption 1 | . . 1 . . . . . . . . . . . . . . . . . Feedback Blocked . | . . . . . . . . . . . . . . . . . . . . Robot Schematics Acquired . | . . . . . . . . . . . . . . . . . . . . Robots Built . | . . . . . . . . . . . . . . . . . . . . Authchips . | . . . . . . . . . . . . . . . . . . . . Time . | . . . . . . . . . . . . . . . . . . . . Total Robot Build Rating . | . . . . . . . . . . . . . . . . . . . . Part Schematics Acquired 3 | . . 3 . . . . . . . . . . . . . . . . . Parts Built . | . . . . . . . . . . . . . . . . . . . . Authchips . | . . . . . . . . . . . . . . . . . . . . Time . | . . . . . . . . . . . . . . . . . . . . Total Part Build Rating . | . . . . . . . . . . . . . . . . . . . . Parts Repaired 1 | . . 1 . . . . . . . . . . . . . . . . . Time 26 | . . 26 . . . . . . . . . . . . . . . . . Parts Recycled . | . . . . . . . . . . . . . . . . . . . . Recycled Matter . | . . . . . . . . . . . . . . . . . . . . Retrieved Matter . | . . . . . . . . . . . . . . . . . . . . Retrieved Components . | . . . . . . . . . . . . . . . . . . . . Parts Scanalyzed 5 | . . 4 . . . . . . . . . . . . . 1 . . . Part Schematics Acquired 3 | . . 3 . . . . . . . . . . . . . . . . . Parts Damaged . | . . . . . . . . . . . . . . . . . . . . Bothacking | -11 -10 -9 -9 -9 -8 -8 -8 -8 -7 -7 -7 -7 -6 -6 -6 -5 -5 -5 -4 ------------ Run | Yrd Mat Mat Min Exi Min Mat Gar Sto Fac Was Fac DSF Fac Low Low Fac Upp Upp Fac Used RIF Installer 1 | . . . . . . . 1 . . . . . . . . . . . . Robots Hacked 1 | . . . . . . . . . . . . . . . . . . . 1 Non-combat . | . . . . . . . . . . . . . . . . . . . . Combat 1 | . . . . . . . . . . . . . . . . . . . 1 Robot Hacks Applied 1 | . . . . . . . . . . . . . . . . . . . 1 parse_system 1 | . . . . . . . . . . . . . . . . . . . 1 Relay Couplers Released 16 | . . . . . . . 16 . . . . . . . . . . . . Machine Destruction 16 | . . . . . . . 16 . . . . . . . . . . . . Fabnet Peak Effective % . | . . . . . . . . . . . . . . . . . . . . Robots Rewired 6 | . . . . . . . 3 . . . . . . . . . 3 . . Allies Hacked . | . . . . . . . . . . . . . . . . . . . . Hacks Repelled . | . . . . . . . . . . . . . . . . . . . . Allies | -11 -10 -9 -9 -9 -8 -8 -8 -8 -7 -7 -7 -7 -6 -6 -6 -5 -5 -5 -4 -------- Run | Yrd Mat Mat Min Exi Min Mat Gar Sto Fac Was Fac DSF Fac Low Low Fac Upp Upp Fac Total Allies 7 | . . . 1 . . . 3 . . . . . . . . . 3 . . Largest Group 3 | . . . 1 . . . 3 3 . . . . . . . . 3 . . Highest-Rated Group 75 | . . . 31 . . . 15 15 . . . . . . . . 75 . . Highest-Rated Ally 31 | . . . 31 . . . 5 5 . . . . . . . . 25 . . Total Orders 4 | . . . . . . . 4 . . . . . . . . . . . . STAY 1 | . . . . . . . 1 . . . . . . . . . . . . FOLLOW 2 | . . . . . . . 2 . . . . . . . . . . . . GUARD 1 | . . . . . . . 1 . . . . . . . . . . . . Ally Attacks 40 | . . . . . . . . 33 . . . . . . . . 7 . . Total Damage 415 | . . . . . . . . 169 . . . . . . . . 246 . . Kills 3 | . . . . . . . . 1 . . . . . . . . 2 . . Allies Corrupted . | . . . . . . . . . . . . . . . . . . . . Allies Melted . | . . . . . . . . . . . . . . . . . . . . Intel | -11 -10 -9 -9 -9 -8 -8 -8 -8 -7 -7 -7 -7 -6 -6 -6 -5 -5 -5 -4 ------- Run | Yrd Mat Mat Min Exi Min Mat Gar Sto Fac Was Fac DSF Fac Low Low Fac Upp Upp Fac Robot Analysis Total 6 | . 1 4 . . . 1 . . . . . . . . . . . . . Derelict Logs Recovered 5 | . . . 1 . . . . . . . . . . 2 . . 2 . . Drone Launches . | . . . . . . . . . . . . . . . . . . . . Drone Recoveries . | . . . . . . . . . . . . . . . . . . . . Exploration | -11 -10 -9 -9 -9 -8 -8 -8 -8 -7 -7 -7 -7 -6 -6 -6 -5 -5 -5 -4 ------------- Run | Yrd Mat Mat Min Exi Min Mat Gar Sto Fac Was Fac DSF Fac Low Low Fac Upp Upp Fac Turns Passed 7056 | 41 1147 710 419 258 401 418 731 252 55 111 14 140 29 693 32 365 1011 5 224 Spaces Moved 4659 | 25 685 461 383 270 239 259 582 145 44 96 28 90 15 318 11 160 565 5 278 Core 349 | . . . . . . . . . . 49 28 8 . . . . 68 5 191 Treads 398 | . 59 6 3 . 1 . . . . . . . . . . . 329 . . Legs 858 | 25 158 . . . . . . . . . . 3 15 318 11 160 168 . . Wheels 2967 | . 468 455 380 270 238 259 582 145 44 47 . 79 . . . . . . . Hover 87 | . . . . . . . . . . . . . . . . . . . 87 Flight . | . . . . . . . . . . . . . . . . . . . . Fastest Speed 50 | 120 110 95 95 95 140 110 110 110 115 50 50 50 200 128 200 198 50 50 50 Average Speed 124 | 120 125 96 96 95 140 127 110 111 115 81 50 112 209 207 200 198 160 50 63 Slowest Speed 410 | 120 240 240 240 95 240 155 110 115 115 130 50 270 270 270 200 200 410 50 100 Overloaded Moves . | . . . . . . . . . . . . . . . . . . . . Propulsion Burnouts . | . . . . . . . . . . . . . . . . . . . . Robots Hopped . | . . . . . . . . . . . . . . . . . . . . Cave-ins Triggered . | . . . . . . . . . . . . . . . . . . . . Exploration Rate (%) 40 | 4 95 40 83 44 55 27 92 41 2 80 2 63 . 45 5 4 80 3 10 Regions Visited 19 Branch Regions 8 Pre-discovered Areas 2 | . . . 1 . . . . . . . . . . . . . 1 . . Known Exits Taken 3 | . . . . . . 1 . . . . 1 . . 1 . . . . . Unknown Exits Taken 12 | 1 1 1 1 1 1 . . 1 . . . . 1 . 1 1 1 1 . Scrap Searched 8 | . . . 2 . 1 . . . . . . . . 2 . . 3 . . Spaces Dug 1 | . . . . . . . . . . . . . . . . . . . 1 Terrain Destroyed 445 | . . . 19 . 27 25 84 40 . 84 . . . 18 18 34 95 . 1 Melee 1 | . . . . . . . . . . . . . . . . . . . 1 Projectile 17 | . . . . . 1 2 . 7 . 2 . . . . 1 4 . . . AOE 427 | . . . 19 . 26 23 84 33 . 82 . . . 18 17 30 95 . . Terrain Rammed . | . . . . . . . . . . . . . . . . . . . . Walls Destroyed . | . . . . . . . . . . . . . . . . . . . . Machines Disabled . | . . . . . . . . . . . . . . . . . . . . Actions | -11 -10 -9 -9 -9 -8 -8 -8 -8 -7 -7 -7 -7 -6 -6 -6 -5 -5 -5 -4 --------- Run | Yrd Mat Mat Min Exi Min Mat Gar Sto Fac Was Fac DSF Fac Low Low Fac Upp Upp Fac Total 5597 | 30 890 649 427 272 279 341 660 215 49 108 27 122 14 346 15 181 645 7 320 Wait 374 | . 107 98 35 . 5 37 . 46 . . . 2 . 18 . 3 . . 23 Move 4644 | 24 684 460 382 269 238 259 581 144 44 95 27 90 14 317 10 159 564 5 278 Hop . | . . . . . . . . . . . . . . . . . . . . Pick Up 81 | 1 17 14 . 1 7 9 3 2 1 2 . 12 . 4 . 1 3 . 4 Fast Attach 40 | 1 . 1 . . . 3 1 1 . 1 . 7 . 3 . 4 9 . 9 Attach 31 | . . 5 . . 2 2 . 2 2 . . 6 . 2 2 . 5 . 3 Detach 2 | . . . . . . . . . . . . . . . . . 1 . 1 Swap 56 | 1 14 11 4 . 3 9 7 2 1 2 . 1 . . . 1 . . . Drop 73 | . 16 16 2 2 5 13 8 3 1 . . . . . . . 7 . . Fire 180 | 3 52 43 4 . 19 9 . 15 . 8 . . . 2 3 7 14 . 1 Melee 20 | . . 1 . . . . 8 . . . . . . . . 6 4 . 1 Ram 2 | . . . . . . . . . . . . . . . . . . 2 . Kick 2 | . . . . . . . . . . . . 2 . . . . . . . Crush . | . . . . . . . . . . . . . . . . . . . . Escape Stasis 2 | . . . . . . . . . . . . 2 . . . . . . . Rewire 90 | . . . . . . . 52 . . . . . . . . . 38 . . Trap . | . . . . . . . . . . . . . . . . . . . . Miscellaneous . | . . . . . . . . . . . . . . . . . . . . Route ------- -11/Scrapyard -10/Materials (discovered 4 exits: *Mat x3 / [*Min]) -9/Materials (discovered 2 exits: *Mat / [*Min]) -9/Mines (discovered 3 exits: *Mat x2 / *Exi) -9/Exiles -8/Mines -8/Materials -8/Garrison (discovered 4 exits: *Sto x4) -8/Storage -7/Factory -7/Waste -7/Factory -7/DSF -6/Factory -6/Lower Caves -6/Lower Caves -5/Factory -5/Upper Caves -5/Upper Caves -4/Factory (discovered 1 exit: Arm) History --------- Turn | Location | Event 3 | -11/Scrapyard | Discovered new exit (range 3) 42 | -11/Scrapyard | Entered Materials 134 | -10/Materials | Discovered new exit (range 15) 233 | -10/Materials | Central database locked down 316 | -10/Materials | Build established: Mutant 471 | -10/Materials | Discovered new exit (range 9) 626 | -10/Materials | Discovered new exit (range 5) 829 | -10/Materials | Core integrity fell below 50% 1151 | -10/Materials | Discovered new exit (range 16) 1189 | -10/Materials | Entered another Materials area 1189 | -9/Materials | Evolved 2 slots: Propulsion x1, Weapon x1 1285 | -9/Materials | Repaired Lgt. Treads 1572 | -9/Materials | Discovered new exit (range 11) 1807 | -9/Materials | Discovered new exit (range 16) 1899 | -9/Materials | Entered Mines 1913 | -9/Mines | Met a Derelict bent on vengeance 1917 | -9/Mines | Learned location of Recycling (-8) 2017 | -9/Mines | Discovered new exit (range 9) 2207 | -9/Mines | Escorted by a lone wolf Derelict 2209 | -9/Mines | Build established: Scavenger-Skirmisher 2209 | -9/Mines | Discovered new exit (range 8) 2314 | -9/Mines | Deemed a non-threat by the Exiles lab entrance 2314 | -9/Mines | Discovered new exit (range 5) 2318 | -9/Mines | Entered Exiles 2341 | -9/Exiles | Met 8R-AWN 2357 | -9/Exiles | Met EX-HEX 2391 | -9/Exiles | Met EX-BIN 2402 | -9/Exiles | Aligned with FarCom system 2403 | -9/Exiles | Given EX-Vault access code 2459 | -9/Exiles | Opened EX-Vault 2466 | -9/Exiles | Found AWS/Thermal 2486 | -9/Exiles | Warned to stay clear of 0b10 Research branches 2564 | -9/Exiles | Discovered new exit (range 14) 2576 | -9/Exiles | Left Exiles lab with AWS/Thermal 2576 | -9/Exiles | Entered Mines 2681 | -8/Mines | Core integrity fell below 50% 2904 | -8/Mines | Build established: Skirmisher 2969 | -8/Mines | Discovered new exit (range 7) 2977 | -8/Mines | Entered Materials 2977 | -8/Materials | Evolved 2 slots: Utility x2 3394 | -8/Materials | Identified exit to Garrison 3395 | -8/Materials | Entered Garrison 3395 | -8/Garrison | Discovered recently destroyed garrison 3434 | -8/Garrison | Garrison Relay disabled 3509 | -8/Garrison | Garrison Relay disabled 3542 | -8/Garrison | Garrison Relay disabled 3574 | -8/Garrison | Phase Generator disabled 3657 | -8/Garrison | Discovered new exit (range 8) 3687 | -8/Garrison | Discovered new exit (range 6) 3725 | -8/Garrison | Build established: Mutant 3849 | -8/Garrison | Discovered new exit (range 12) 3911 | -8/Garrison | Installed Relay Interface Framework 3922 | -8/Garrison | Garrison Relay disabled 4037 | -8/Garrison | Discovered new exit (range 11) 4126 | -8/Garrison | Entered Storage 4126 | -8/Storage | Accompanied by 3 allies 4302 | -8/Storage | AWS/Thermal suddenly broke down 4338 | -8/Storage | Lost 3 allies 4358 | -8/Storage | Discovered new exit (range 10) 4378 | -8/Storage | Entered Factory 4378 | -7/Factory | Evolved 2 slots: Propulsion x1, Utility x1 4433 | -7/Factory | Sucked down chute 4433 | -7/Factory | Entered Waste 4444 | -7/Waste | Spotted C-40 Crusher 4448 | -7/Waste | EMP discharged 4457 | -7/Waste | Destroyed C-40 Crusher 4461 | -7/Waste | Spotted C-40 Crusher 4463 | -7/Waste | Spotted C-40 Crusher 4467 | -7/Waste | Spotted C-40 Crusher 4473 | -7/Waste | Spotted C-40 Crusher 4474 | -7/Waste | Spotted C-40 Crusher 4512 | -7/Waste | Crushed by Compactor (1 part destroyed, 2 dropped) 4515 | -7/Waste | Crushed by Compactor (1 part destroyed, 1 dropped) 4517 | -7/Waste | Crushed by Compactor (1 part destroyed, 2 dropped) 4520 | -7/Waste | Crushed by Compactor (1 part destroyed, 2 dropped) 4539 | -7/Waste | Discovered new exit (range 10) 4544 | -7/Waste | Entered Factory 4551 | -7/Factory | Lost 5 parts (1p2n1u1w) 4558 | -7/Factory | Identified exit to DSF 4558 | -7/Factory | Entered DSF 4575 | -7/DSF | Discovered new exit (range 19) 4599 | -7/DSF | Additional patrols routed to DSF 4689 | -7/DSF | Core integrity fell below 50% 4698 | -7/DSF | Entered Factory 4698 | -6/Factory | Evolved 2 slots: Propulsion x2 4700 | -6/Factory | Discovered new exit (range 13) 4727 | -6/Factory | Entered Lower Caves 4728 | -6/Lower Caves | Lost 6 parts (2p4n) 4926 | -6/Lower Caves | Learned Factory emergency access door positions 5038 | -6/Lower Caves | Encountered a Warlord checkpoint 5244 | -6/Lower Caves | Identified exit to Lower Caves 5420 | -6/Lower Caves | Entered another Lower Caves area 5436 | -6/Lower Caves | Discovered new exit (range 8) 5452 | -6/Lower Caves | Entered Factory 5452 | -5/Factory | Evolved 2 slots: Power x1, Propulsion x1 5709 | -5/Factory | Build established: Derelict-Skirmisher 5791 | -5/Factory | Discovered new exit (range 13) 5814 | -5/Factory | Lost 4 parts (1p3n) 5817 | -5/Factory | Entered Upper Caves 5992 | -5/Upper Caves | Lost 5 parts (2n1u2w) 6050 | -5/Upper Caves | Build established: Mutant 6156 | -5/Upper Caves | Lost 3 parts (1n1u1w) 6217 | -5/Upper Caves | Learned location of Warlord (-4) 6279 | -5/Upper Caves | Attacked by a delusional Derelict stockpiling Unaware 6494 | -5/Upper Caves | Learned location of 1 exit from Factory 6628 | -5/Upper Caves | Build established: Scavenger-Mutant 6697 | -5/Upper Caves | Attracted the attention of an 0b10 checkpoint 6806 | -5/Upper Caves | Discovered new exit (range 13) 6826 | -5/Upper Caves | Core integrity fell below 50% 6828 | -5/Upper Caves | Entered another Upper Caves area 6829 | -5/Upper Caves | Discovered new exit (range 6) 6833 | -5/Upper Caves | Entered Factory 6833 | -4/Factory | Evolved 2 slots: Propulsion x1, Utility x1 6834 | -4/Factory | Identified exit to Armory 6853 | -4/Factory | Lost 5 parts (1p2n2w) 6976 | -4/Factory | Core integrity fell below 50% 7015 | -4/Factory | Core integrity fell below 20% 7018 | -4/Factory | Spotted B-86 Titan 7052 | -4/Factory | Lost 6 parts (3n2u1w) 7057 | -4/Factory | Destroyed by G-67 Veteran with Plasma Rifle Last Messages --------------- 06982_ Acquired Remote Datajack. 06988_ Ripper destroyed. 06989_ Critical hit (Burn: +37). 06990_ Cryofiber Web destroyed. 07011_ Jacked G-73 Enforcer... >>parse_system Reading system data... 07014_ Slug penetrates Wall. 07014_ Penetrated by Slug. 07014_ Adv. Visual Processing Unit destroyed. 07015_ Slug penetrates Door. 07015_ Slug penetrates G-67 Veteran. 07015_ Gyrokinetic Inverter destroyed. 07019_ Slug penetrates Wall. 07019_ Penetrated by Slug. 07021_ Slug penetrates Neutrino Reactor. 07021_ Slug penetrates Wall. 07021_ Gyrokinetic Inverter destroyed. 07039_ Penetrated by Slug. 07047_ Acquired Imp. Kinecellerator. Map ----- +----------------------------------------------------+ | ?????????????????????????????????????????????????? | | ?????????????????????????????????????????????????? | | ?????????????????????????????????????????????????? | | ?????????????????????????????????????????????????? | | ?????????????????????????????????????????????????? | | ?????????????????????????????????????????????????? | | ?????????????????????????????????????????????????? | | ?????????????????????????????#???????????????????? | | ?????????????????????????????# ??????????????????? | | ?????????????????????????????# ????????????????? | | ?????????????????????????????# ???????????????? | | ?????????????????????????????# ???????????????? | | ?????????????????????????????# ??????????????? | | ????????????##???????????????# ???#??????? | | ???????????## #####??????????# """""" #??????? | | ???????????# #?????????# """""" #??????? | | ???????????# #?????????# """""" #??????? | | ???????????# " #?????????? """""" #??????? | | ???????????# " #???????????? ????????? | | ???????????# " =!! #?????????????? !??????????? | | ???????????# " =! #################+############# | | ???????????# " =! # | | ???????????# " # | | ???????????# " Y g | | ???????????# " "# h | | ???????????# " "# @ g h | | ???????????# "#####+#####+################### | | ???????????#[ T#?# g #??????????????? | | ???????????# "#?# """" """" #??????????????? | | ???????????# "#?# """" """" #??????????????? | | ???????????# ???# """" """" #??????????????? | | ???????????# ???# """" """" ###########????? | | ???????????#######???# """" """" # ????? | | ?????????????????????# """" ?????# ???? | | ?????????????????????# ?????# ### | | ?????????????????????# " " ????# " | | ?????????????????????# "R" ???# # | | ?????????????????????# """ ???# ] " | | ?????????????????????# ???# # | | ?????????????????????###########??# # | | ??????????????????????????????????# ?# # | | ??????????????????????????????????# ?# # | | ??????????????????????????????????# ??# # | | ??????????????????????????????????# ??# # | | ??????????????????????????????????############## # | | ???????????????????????????????????# + # | | ???????????????????????????????????# ]] ###### | | ???????????????????????????????????# ] #????? | | ???????????????????????????????????# #????? | | ???????????????????????????????????# #????? | +----------------------------------------------------+ Best States ------------- Heat Dissipation 43 Energy Generation 32 Energy Capacity 515 Matter Stores 300 Matter Capacity 300 Sight Range 20 Terrain Scan Range 16 Terrain Scan Density 10 Base Temperature (-) 100 Armor Coverage 300 Resistance: KI 20 Resistance: TH 25 Evasion (%) 55 Recoil Reduction 2 Energy Filtering 30 Authchip Count 1 Item Schematics ----------------- Med. Armor Plating | -9/Materials | Scanalyzed Rocket Launcher | -9/Materials | Scanalyzed Adv. Visual Processing Unit | -9/Materials | Scanalyzed Robot Schematics ------------------ None Fabricated ------------ Nothing Alien Tech Used ----------------- None Achievements -------------- Party Time Challenges ------------ None Game ------ Seed ShockHoverProtomatter Manual? 0 Play Time 02:18:37 Cumulative 142.2 hours Start 2024.12.12 @ 20:31:57 End 2024.12.12 @ 23:17:43 Sessions 1 Manual Loads 0 Difficulty Rogue Special Mode None Game No. 73 Rogue 73 Adventurer 0 Explorer 0 Win Type - Total 2 Types 2/0/0/0/0/0/0/0/0 Lore% 27 Gallery% 50 Achievement% 41 Wizard Run 0 Options --------- Layout 0 ASCII 0 Keyboard 0 Movement Mouse Keybinds 0 Fullscreen 1 Font 18/SmallcapsGlow Map View 76x50 Zoom Use 0% Tactical HUD 1 Map Filters NONE Filters NONE Steam 1 RUN: f43c8c40-913b-457c-9276-81de5da25664